[Event "Titled Tuesday Blitz May 2 Early 2023"]
[White "Minko, Dmitry"]
[Black "Bashkansky, Ethan"]
[WhiteFideId "24188468"]
[BlackFideId "2071533"]
[WhiteElo "2147"]
[BlackElo "2101"]
[Result "0-1"]
[Round "08"]
[TimeControl "180+2"]
[Date "2023.05.02"]
[WhiteClock "0:00:02"]
[BlackClock "0:00:06"]

1. e4 c6 2. Nc3 d5 3. Nf3 dxe4 4. Nxe4 Bg4 5. h3 Bxf3 6. Qxf3 Nd7 7. d4 Ngf6 8. Bc4 e6 9. c3 Be7 10. O-O O-O 11. Bb3 c5 12. Rd1 Qa5 13. Bg5 h6 14. Bh4 Rfe8 15. dxc5 g5 16. Bg3 Nxe4 17. Qxe4 Nxc5 18. Qe2 Nxb3 19. axb3 Qb6 20. Be5 Bf8 21. h4 Bg7 22. Bxg7 Kxg7 23. Qe5+ Kg6 24. h5+ Kxh5 25. Qf6 Rad8 26. Qxf7+ Kh4 27. Qf3 g4 28. Qf6+ Kh5 29. Re1 Rd5 30. Ra4 Rf5 31. Qd4 Qxd4 32. Rxd4 Re7 33. b4 Kg5 34. g3 h5 35. Rde4 Kf6 36. Rd1 e5 37. Rd6+ Kg5 38. Rd5 Kf6 39. Rc4 Ke6 40. Rd8 Rff7 41. Rh8 Rh7 42. Rg8 Rhg7 43. Rf8 Rgf7 44. Rfc8 Rd7 45. Kg2 Rd2 46. Re8+ Kd7 47. Rxe5 Rdxf2+ 48. Kg1 Rf1+ 0-1


[Site "https://www.chess.com"]

[Event "Titled Tuesday Blitz May 2 Early 2023"]
[White "Bilan, Danila"]
[Black "Myers, Dominique"]
[WhiteFideId "24161918"]
[BlackFideId "2041715"]
[WhiteElo "2182"]
[BlackElo "1934"]
[Result "0-1"]
[Round "08"]
[TimeControl "180+2"]
[Date "2023.05.02"]
[WhiteClock "0:00:12"]
[BlackClock "0:01:49"]

1. d4 Nf6 2. Nf3 c5 3. e3 e6 4. c3 d5 5. Nbd2 Nc6 6. Bd3 Bd6 7. O-O O-O 8. dxc5 Bxc5 9. e4 dxe4 10. Nxe4 Nxe4 11. Bxe4 Qc7 12. Ng5 f5 13. Bc2 h6 14. Nf3 e5 15. Qd5+ Qf7 16. Qxc5 e4 17. Ne5 Qf6 18. Bb3+ Kh7 19. Nxc6 bxc6 20. Bf4 Ba6 21. Rfd1 Bd3 22. Bc4 Rad8 23. Bxd3 exd3 24. Rd2 Rfe8 25. Rad1 Re2 26. h3 Rd5 27. Qxa7 Qh4 28. Bg3 Qe4 29. f3 Qc4 30. Rxe2 dxe2 31. Re1 Rd2 32. Bf2 Rxb2 33. Bd4 Qg8 34. a4 Rd2 35. Qe7 c5 36. Bxc5 Kg6 37. Bd4 Kh5 38. Rxe2 Rxe2 39. Qxe2 Qb3 40. f4+ Kg6 41. Qe6+ Qxe6 0-1


[Site "https://www.chess.com"]

[Event "Titled Tuesday Blitz May 2 Early 2023"]
[White "Ronka, Erik"]
[Black "Balla, Tamas-Kristof"]
[WhiteFideId "505080"]
[BlackFideId "1208497"]
[WhiteElo "2264"]
[BlackElo "2334"]
[Result "1-0"]
[Round "08"]
[TimeControl "180+2"]
[Date "2023.05.02"]
[WhiteClock "0:01:24"]
[BlackClock "0:01:34"]

1. d4 d5 2. Nf3 Nf6 3. c4 e6 4. Nc3 c5 5. cxd5 exd5 6. Bg5 Nc6 7. Bxf6 gxf6 8. e3 Rg8 9. g3 Bd6 10. Bg2 Be6 11. O-O h5 12. Qa4 Qd7 13. dxc5 Bxc5 14. Rfd1 O-O-O 15. Rac1 Bb6 16. Nb5 Kb8 17. Qf4+ Ka8 18. Qxf6 a6 19. Nbd4 Nxd4 20. Nxd4 Bh3 21. Qxb6 Bxg2 22. Kxg2 h4 23. Rc7 hxg3 24. Qxb7# 1-0


[Site "https://www.chess.com"]

[Event "Titled Tuesday Blitz May 2 Early 2023"]
[White "Kozelov, Roman"]
[Black "Belenkaya, Dina"]
[WhiteFideId "14133377"]
[BlackFideId "24142654"]
[WhiteElo "2149"]
[BlackElo "2208"]
[Result "0-1"]
[Round "08"]
[TimeControl "180+2"]
[Date "2023.05.02"]
[WhiteClock "0:01:20"]
[BlackClock "0:01:40"]

1. e4 d5 2. exd5 Qxd5 3. Nc3 Qe5+ 4. Be2 c6 5. Nf3 Qc7 6. d4 Nf6 7. h3 Bf5 8. g4 Bd7 9. Bg5 h5 10. Ne5 hxg4 11. h4 Na6 12. Qd2 Nb4 13. O-O-O Be6 14. a3 Nbd5 15. f4 gxf3 16. Bxf3 Nxc3 17. Qxc3 Nd5 18. Rhf1 0-1


[Site "https://www.chess.com"]

[Event "Titled Tuesday Blitz May 2 Early 2023"]
[White "Panico, Nick"]
[Black "Baches Garcia, Guillermo"]
[WhiteFideId "2026724"]
[BlackFideId "2209764"]
[WhiteElo "1982"]
[BlackElo "2334"]
[Result "0-1"]
[Round "08"]
[TimeControl "180+2"]
[Date "2023.05.02"]
[WhiteClock "0:00:59"]
[BlackClock "0:00:14"]

1. f4 d5 2. Nf3 g6 3. e3 Bg7 4. Be2 Nh6 5. O-O O-O 6. d3 Nf5 7. Nc3 c6 8. e4 Qb6+ 9. Kh1 dxe4 10. dxe4 Ne3 11. Bxe3 Qxe3 12. Qd2 Qxd2 13. Nxd2 Rd8 14. Bd3 Na6 15. a3 Nc5 16. Rf3 b6 17. Re1 Ba6 18. Bxa6 Rxd2 19. Bc4 Rxc2 20. e5 Rxb2 21. f5 gxf5 22. Rxf5 e6 23. Rf3 Rd8 24. Ne4 Nxe4 25. Rxe4 b5 26. Bf1 Rd1 27. Kg1 Rbb1 28. a4 Re1 29. Rg4 Kf8 30. axb5 cxb5 31. Rd4 Bxe5 32. Rd7 f5 33. g3 Rbd1 34. Rxh7 a5 35. g4 f4 36. g5 a4 37. g6 a3 38. Rf7+ Kg8 39. Rxa3 Rxf1+ 40. Kg2 Rg1+ 41. Kf3 Rxg6 42. Rb7 Rd8 43. Ke4 Bg7 44. h4 e5 45. Raa7 Rg3 46. h5 Rf8 47. Rxb5 f3 48. h6 Bxh6 49. Rb6 Bg7 50. Ke3 f2+ 51. Ke2 f1=Q+ 52. Kd2 Rf2# 0-1


[Site "https://www.chess.com"]

[Event "Titled Tuesday Blitz May 2 Early 2023"]
[White "Pandey Srishti"]
[Black "Horak, Martin"]
[WhiteFideId "35093290"]
[BlackFideId "367095"]
[WhiteElo "2083"]
[BlackElo "2091"]
[Result "1-0"]
[Round "08"]
[TimeControl "180+2"]
[Date "2023.05.02"]
[WhiteClock "0:00:10"]
[BlackClock "0:00:04"]

1. e4 c5 2. Nf3 a6 3. c3 d5 4. exd5 Qxd5 5. d4 e6 6. Be2 Nf6 7. O-O Be7 8. a3 O-O 9. c4 Qc6 10. dxc5 Rd8 11. Qc2 Bxc5 12. b4 Be7 13. Nbd2 Nbd7 14. Bb2 b6 15. Nd4 Qc7 16. Bf3 Bb7 17. Rfe1 Bxf3 18. N2xf3 Rac8 19. Rac1 Bd6 20. h3 Ne5 21. Nxe5 Bxe5 22. Nf3 Bxb2 23. Qxb2 Qf4 24. Qb3 h6 25. Rc2 Rd6 26. c5 Rdc6 27. Ne5 R6c7 28. Rc4 Qd2 29. Nf3 Qd5 30. Re5 Qd7 31. Qc2 bxc5 32. Rexc5 Rxc5 33. Rxc5 Rd8 34. Rc6 Qb7 35. Rc7 Qb5 36. Qc3 Nd5 37. Qc5 Nxc7 38. Qxc7 Rd7 39. Qc8+ Kh7 40. Qc2+ g6 41. Qc3 Qd3 42. Qc8 Qd1+ 43. Kh2 Qd6+ 44. g3 Rc7 45. Qe8 Rc3 46. Qxf7+ Kh8 47. Qf6+ Kh7 48. Qxc3 Qd5 49. Ne5 Qe4 50. Kg1 h5 51. a4 Kh6 52. Qe3+ 1-0


[Site "https://www.chess.com"]

[Event "Titled Tuesday Blitz May 2 Early 2023"]
[White "Buchenau, Frank"]
[Black "Eggink, Ryszard"]
[WhiteFideId "4604350"]
[BlackFideId "1125869"]
[WhiteElo "2157"]
[BlackElo "2283"]
[Result "1/2-1/2"]
[Round "08"]
[TimeControl "180+2"]
[Date "2023.05.02"]
[WhiteClock "0:00:02"]
[BlackClock "0:00:05"]

1. e4 c5 2. Nf3 d6 3. Bb5+ Bd7 4. Bxd7+ Qxd7 5. c4 Nc6 6. Nc3 Nf6 7. d4 Qg4 8. d5 Nd4 9. Nxd4 Qxd1+ 10. Kxd1 cxd4 11. Nb5 Rc8 12. b3 Nxe4 13. Ke2 Nc3+ 14. Nxc3 dxc3 15. Be3 g6 16. Bd4 Rg8 17. Bxa7 Bg7 18. a4 e6 19. dxe6 fxe6 20. Rad1 Ke7 21. Bd4 Bxd4 22. Rxd4 Rgd8 23. Rc1 d5 24. Rxc3 e5 25. Re3 Ke6 26. f4 dxc4 27. Rxe5+ Kf6 28. Rxd8 Rxd8 29. bxc4 Rd4 30. Rb5 Rxc4 31. a5 Rxf4 32. Rb6+ Kf5 33. Rxb7 Ra4 34. Rb5+ Ke4 35. Kd2 Ra2+ 36. Kc3 Rxg2 37. Kb3 Rg1 38. a6 Ra1 39. Rb4+ Kd5 40. Ra4 Rxa4 41. Kxa4 Kc6 42. Ka5 g5 43. Kb4 h5 44. Kc4 g4 45. Kd4 h4 46. Ke4 Kb6 47. Kf4 g3 48. hxg3 hxg3 49. Kxg3 Kxa6 1/2-1/2


[Site "https://www.chess.com"]

[Event "Titled Tuesday Blitz May 2 Early 2023"]
[White "Fathy, Elameir"]
[Black "Shuvalov, Evgenij"]
[WhiteFideId "10600396"]
[BlackFideId "4187237"]
[WhiteElo "2311"]
[BlackElo "2080"]
[Result "0-1"]
[Round "08"]
[TimeControl "180+2"]
[Date "2023.05.02"]
[WhiteClock "0:00:02"]
[BlackClock "0:01:15"]

1. d4 Nf6 2. c4 g6 3. Nc3 d5 4. Nf3 Bg7 5. Qb3 dxc4 6. Qxc4 O-O 7. e4 a6 8. Be2 b5 9. Qb3 c5 10. dxc5 Bb7 11. e5 Nfd7 12. Be3 Nxe5 13. Nxe5 Bxe5 14. O-O Nc6 15. Rfd1 Qb8 16. h3 e6 17. Rac1 Rd8 18. Rxd8+ Qxd8 19. Rd1 Qe7 20. a3 Rd8 21. Qc2 Nd4 22. Bxd4 Rxd4 23. Rxd4 Bxd4 24. b4 Qf6 25. Nd1 Bc6 26. Qd3 e5 27. Bf3 Bxf3 28. Qxf3 Qxf3 29. gxf3 Kf8 30. Kf1 Ke7 31. Ke2 Ke6 32. Kd3 Kd5 33. Ne3+ Kc6 34. Ng4 f5 35. Nf6 Bxf2 36. Nxh7 Bd4 37. Nf8 Bb2 38. Nxg6 Kd5 39. h4 Bxa3 40. h5 Bc1 41. Ne7+ Ke6 42. Nc8 Bg5 43. Nd6 Bh6 44. Nb7 Bf8 45. Na5 Kd5 46. Nb7 e4+ 47. fxe4+ fxe4+ 48. Ke2 Bh6 49. Na5 Ke5 50. Kf2 Bf4 51. Ke2 Kf5 0-1


[Site "https://www.chess.com"]

[Event "Titled Tuesday Blitz May 2 Early 2023"]
[White "Castellanos Gomez, Alejandro"]
[Black "Biriukov, Ilja"]
[WhiteFideId "22284141"]
[BlackFideId "4113373"]
[WhiteElo "2158"]
[BlackElo "2426"]
[Result "1-0"]
[Round "08"]
[TimeControl "180+2"]
[Date "2023.05.02"]
[WhiteClock "0:00:04"]
[BlackClock "0:00:03"]

1. d4 Nf6 2. Bf4 g6 3. Nc3 Bg7 4. e4 d6 5. Qd2 O-O 6. O-O-O Nc6 7. Nf3 Bg4 8. d5 Ne5 9. Be2 Nxf3 10. gxf3 Bh3 11. Bh6 c5 12. Rhg1 a6 13. Bxg7 Kxg7 14. f4 Bd7 15. e5 Ne8 16. h4 b5 17. h5 b4 18. Ne4 Bf5 19. Ng3 Qd7 20. Nxf5+ Qxf5 21. Bd3 Qxh5 22. f5 Qh6 23. f4 dxe5 24. Rdf1 exf4 25. Kb1 Nd6 26. Rh1 Qg5 27. Rfg1 Qf6 28. Qxf4 Rh8 29. Qe3 c4 30. fxg6 hxg6 31. Be2 a5 32. Rf1 Rxh1 33. Rxh1 Rh8 34. Rf1 Qh4 35. Qe5+ Kg8 36. a3 bxa3 37. bxa3 Qh2 38. Qxe7 Qg3 39. Qd8+ Kg7 40. Qf6+ Kg8 41. Rf3 Qg1+ 42. Ka2 Rh1 43. Qb2 Qg2 44. Re3 Qf2 45. Re7 Kf8 46. Rd7 Qc5 47. Qb8+ Kg7 48. Qxd6 Qxd6 49. Rxd6 c3 50. Bc4 g5 51. Rd7 g4 52. d6 g3 53. Rxf7+ Kg6 54. d7 1-0


[Site "https://www.chess.com"]

[Event "Titled Tuesday Blitz May 2 Early 2023"]
[White "Eidelman, Gabriel"]
[Black "Smith, Shreyas"]
[WhiteFideId "30910544"]
[BlackFideId "7400713"]
[WhiteElo "2209"]
[BlackElo "2151"]
[Result "1-0"]
[Round "08"]
[TimeControl "180+2"]
[Date "2023.05.02"]
[WhiteClock "0:00:13"]
[BlackClock "0:00:12"]

1. Nf3 d5 2. g3 e6 3. Bg2 g6 4. O-O Bg7 5. d4 Ne7 6. Nc3 O-O 7. e4 b6 8. e5 h6 9. h4 Ba6 10. Re1 c5 11. Bf4 Nbc6 12. Qd2 Nf5 13. dxc5 bxc5 14. Na4 c4 15. Nc3 Kh7 16. Ne2 Qb6 17. c3 Rab8 18. Rab1 Qa5 19. a3 Rb7 20. g4 Nfe7 21. Ned4 Rfb8 22. Re2 Bb5 23. Qe3 Ba4 24. h5 Bb3 25. g5 Nxd4 26. Nxd4 Ba2 27. Ra1 Rxb2 28. Rxa2 Rxa2 29. Rxa2 Qb6 30. Re2 hxg5 31. Bxg5 Nc6 32. hxg6+ fxg6 33. Qh3+ Kg8 34. Qxe6+ Kh7 35. Qxc6 Qxc6 36. Nxc6 Ra8 1-0


[Site "https://www.chess.com"]

[Event "Titled Tuesday Blitz May 2 Early 2023"]
[White "Rios Escobar, Adan"]
[Black "Cueto, Jonny"]
[WhiteFideId "3403645"]
[BlackFideId "3300145"]
[WhiteElo "2234"]
[BlackElo "2234"]
[Result "1-0"]
[Round "08"]
[TimeControl "180+2"]
[Date "2023.05.02"]
[WhiteClock "0:00:11"]
[BlackClock "0:00:10"]

1. d4 e6 2. c4 Nf6 3. g3 Be7 4. Bg2 O-O 5. Nf3 b6 6. O-O Bb7 7. Re1 Ne4 8. Nc3 f5 9. Be3 d6 10. Rc1 Nd7 11. b4 Ndf6 12. h3 Qe8 13. Qb3 Qg6 14. c5 d5 15. c6 Bxc6 16. Nxe4 fxe4 17. Ne5 Qh5 18. Rxc6 Bd6 19. Qc2 a5 20. b5 a4 21. Rc1 Ba3 22. Rb1 Bd6 23. Bf4 Qe8 24. h4 Nh5 25. e3 Nxf4 26. exf4 a3 27. Bh3 Ra5 28. Qe2 Ra4 29. Rbc1 Rxd4 30. Qg4 Rf6 31. h5 Rd2 32. R6c2 e3 33. fxe3 Bc5 34. Rxc5 bxc5 35. Rxc5 Qa8 36. Rxc7 d4 37. Qxg7# 1-0


[Site "https://www.chess.com"]

[Event "Titled Tuesday Blitz May 2 Early 2023"]
[White "Mirzoev, Azer"]
[Black "Bogaudinov, Rushan"]
[WhiteFideId "13400304"]
[BlackFideId "4129288"]
[WhiteElo "2525"]
[BlackElo "1967"]
[Result "1-0"]
[Round "08"]
[TimeControl "180+2"]
[Date "2023.05.02"]
[WhiteClock "0:00:05"]
[BlackClock "0:00:01"]

1. c4 g6 2. Nc3 Bg7 3. d4 Nf6 4. e4 d6 5. Bg5 O-O 6. Qd2 Nbd7 7. f3 c5 8. d5 a6 9. Nh3 b5 10. cxb5 axb5 11. Bxb5 Ba6 12. Bxa6 Rxa6 13. Nf2 Qb6 14. O-O Rb8 15. Rab1 Ne5 16. Qe2 h6 17. Bd2 c4 18. Be3 Qc7 19. Bd4 g5 20. Rfd1 Nfd7 21. Rbc1 Raa8 22. Rc2 Rb7 23. g3 Rab8 24. Kg2 Qa5 25. Rdd2 Kh7 26. Nfd1 Rc8 27. Ne3 Bf6 28. Nf5 Nf8 29. h4 gxh4 30. f4 Ned7 31. Bxf6 Nxf6 32. Nxh4 Ng6 33. Nf5 h5 34. Qf3 Ng4 35. Kh1 Qc5 36. Rh2 Nf6 37. Rxh5+ Kg8 38. Rh6 Rcb8 39. Qg2 Nxe4 40. Nxe4 Qb4 41. Kh2 Qe1 42. Ng5 c3 43. bxc3 Rb1 44. Nf3 Qd1 45. Rxg6+ fxg6 46. Ne3 Qd3 47. Ng4 Ra1 48. Rd2 Qf5 49. Ne3 Qh5+ 50. Nh4 Rbb1 51. Qe4 Rh1+ 52. Qxh1 Rxh1+ 53. Kxh1 g5 54. fxg5 Qxg5 55. Nf1 Qe5 56. Kh2 Qxc3 57. Rf2 Qc4 58. Ne3 Qd4 59. Nhf5 Qh8+ 60. Kg2 Qf6 61. a4 Qe5 62. a5 Qe4+ 63. Kh2 e6 64. dxe6 Qxe6 65. a6 d5 66. a7 Qa6 67. Nxd5 Qxa7 68. Nfe7+ Kg7 69. Rf4 Qd7 70. Re4 Kf7 71. Rf4+ Kg7 72. Rf2 Qg4 73. Nf5+ Kg8 74. Nde3 Qh5+ 75. Kg2 Qe8 76. g4 Qa8+ 77. Kg3 Qb8+ 78. Rf4 Kh7 79. g5 Kg6 80. Kg4 Qh8 81. Nh4+ 1-0


[Site "https://www.chess.com"]

[Event "Titled Tuesday Blitz May 2 Early 2023"]
[White "Kim, Sergey"]
[Black "Manon-og, Ramon Jr."]
[WhiteFideId "13700570"]
[BlackFideId "5200776"]
[WhiteElo "2295"]
[BlackElo "1999"]
[Result "1-0"]
[Round "08"]
[TimeControl "180+2"]
[Date "2023.05.02"]
[WhiteClock "0:00:44"]
[BlackClock "0:00:13"]

1. d4 Nf6 2. c4 g6 3. Nc3 d5 4. cxd5 Nxd5 5. e4 Nxc3 6. bxc3 c5 7. Bc4 Bg7 8. Ne2 O-O 9. O-O Nc6 10. Be3 Bg4 11. f3 Na5 12. Bd3 Be6 13. Qd2 cxd4 14. cxd4 Nc4 15. Bxc4 Bxc4 16. Rfd1 Rc8 17. Ng3 b6 18. Bh6 Qd6 19. Bxg7 Kxg7 20. Qg5 Kh8 21. e5 Qc6 22. Qxe7 Kg8 23. Ne4 Rc7 24. Qg5 Kg7 25. h4 h6 26. Qf4 Qe6 27. Nf6 Rd8 28. Rd2 b5 29. Rad1 a5 30. d5 Qf5 31. Qxf5 gxf5 32. d6 Rc6 33. Nd5 b4 34. Ne7 Rc5 35. Nxf5+ Kh7 36. f4 a4 37. Ne3 Be6 38. f5 Bc8 39. Rd5 Rc3 40. Kf2 Ra3 41. d7 Rxa2+ 42. Kg3 Rg8+ 43. Kf4 Rf2+ 44. Ke4 Bb7 45. e6 fxe6 46. fxe6 a3 47. e7 b3 48. e8=Q Bxd5+ 49. Kxd5 a2 50. Qxg8+ Kxg8 51. d8=Q+ Kg7 52. Qe7+ Rf7 53. Nf5+ Kg6 54. h5+ 1-0


[Site "https://www.chess.com"]

[Event "Titled Tuesday Blitz May 2 Early 2023"]
[White "Nikologorskiy, Konstantin"]
[Black "Arnold, Ken"]
[WhiteFideId "24111708"]
[BlackFideId "2056836"]
[WhiteElo "2293"]
[BlackElo "2355"]
[Result "1-0"]
[Round "08"]
[TimeControl "180+2"]
[Date "2023.05.02"]
[WhiteClock "0:02:45"]
[BlackClock "0:02:20"]

1. d4 Nf6 2. c4 e6 3. Nf3 b6 4. g3 Bb7 5. Bg2 Be7 6. O-O O-O 7. Nc3 d5 8. Ne5 Nbd7 9. cxd5 exd5 10. Qa4 Nxe5 11. dxe5 Ne4 12. Nxe4 dxe4 13. Bxe4 b5 14. Qc2 Bxe4 15. Qxe4 c5 16. Bf4 Qb6 17. Rfd1 Rfd8 18. h4 h6 19. a4 Rd4 20. Qxa8+ 1-0


[Site "https://www.chess.com"]

[Event "Titled Tuesday Blitz May 2 Early 2023"]
[White "Tsyhanchuk, Stanislav"]
[Black "Arat, Ufuk Sezen"]
[WhiteFideId "13505130"]
[BlackFideId "6309089"]
[WhiteElo "2173"]
[BlackElo "2289"]
[Result "1-0"]
[Round "08"]
[TimeControl "180+2"]
[Date "2023.05.02"]
[WhiteClock "0:00:17"]
[BlackClock "0:00:12"]

1. e4 c5 2. Nf3 e6 3. d4 cxd4 4. Nxd4 Nc6 5. Nxc6 bxc6 6. Nc3 d5 7. exd5 exd5 8. Be3 Nf6 9. Be2 Bd6 10. O-O O-O 11. h3 Qc7 12. Bf3 Be6 13. Bd4 Nd7 14. Bg4 Rab8 15. Rb1 c5 16. Bxe6 fxe6 17. Bxg7 Kxg7 18. Qg4+ Kh8 19. Qxe6 Nf6 20. Rbe1 Rbe8 21. Qf5 Qc8 22. Qd3 d4 23. Nb5 Bb8 24. Qf3 Qd7 25. Rxe8 Qxe8 26. Na3 Qe5 27. g3 Qe4 28. Qxe4 Nxe4 29. Nc4 Nd6 30. Ne5 Re8 31. Nd3 c4 32. Nf4 Ne4 33. Ng2 d3 34. cxd3 cxd3 35. Rd1 d2 36. Ne3 Rc8 37. Kf1 Rc1 38. Ke2 Rxd1 39. Kxd1 Nxf2+ 40. Kxd2 Nxh3 41. g4 Bf4 42. Kd3 Bxe3 43. Kxe3 Ng5 44. b4 Kg7 45. a4 Ne6 46. Ke4 Kf6 47. Kd5 Nd8 48. a5 Kg5 49. a6 Kxg4 50. b5 h5 51. b6 axb6 52. a7 h4 53. a8=Q h3 54. Qxd8 h2 55. Qg8+ Kf3 56. Kd6 h1=Q 57. Qd5+ 1-0


[Site "https://www.chess.com"]

[Event "Titled Tuesday Blitz May 2 Early 2023"]
[White "Tymrakiewicz, Rafal"]
[Black "Allahverdiyeva, Ayan"]
[WhiteFideId "1108832"]
[BlackFideId "13412590"]
[WhiteElo "2151"]
[BlackElo "1980"]
[Result "0-1"]
[Round "08"]
[TimeControl "180+2"]
[Date "2023.05.02"]
[WhiteClock "0:00:01"]
[BlackClock "0:00:05"]

1. e4 c5 2. d4 cxd4 3. c3 dxc3 4. Nxc3 d6 5. Nf3 Bg4 6. Bc4 Bxf3 7. Qxf3 Nf6 8. O-O Nc6 9. Bf4 e5 10. Be3 Be7 11. Rfd1 O-O 12. g4 Qd7 13. h3 h6 14. Kh2 a6 15. Rd2 Na5 16. Bd3 Rac8 17. Rg1 Nc4 18. Bxc4 Rxc4 19. h4 Qc6 20. Nd5 Nxd5 21. exd5 Qd7 22. b3 Rb4 23. Rc2 Bxh4 24. Rc4 Rxc4 25. bxc4 Bf6 26. Qe4 g6 27. Bxh6 Rc8 28. Rg3 Qa4 29. Rf3 Rxc4 30. Qe2 Rxg4 31. Rxf6 Rh4+ 32. Kg3 Rxh6 33. Qg4 Qa3+ 34. f3 Qe3 35. Kg2 Qe2+ 36. Kg1 Qh2+ 37. Kf1 Qh1+ 38. Qg1 Qh3+ 39. Qg2 Qd7 40. Kf2 Kg7 41. Qg5 Qa4 42. Kg3 Qd4 0-1


[Site "https://www.chess.com"]

[Event "Titled Tuesday Blitz May 2 Early 2023"]
[White "Shubenkova, Veronika"]
[Black "Adithya A Chullikkad"]
[WhiteFideId "44124040"]
[BlackFideId "45078734"]
[WhiteElo "2027"]
[BlackElo "1984"]
[Result "0-1"]
[Round "08"]
[TimeControl "180+2"]
[Date "2023.05.02"]
[WhiteClock "0:00:15"]
[BlackClock "0:00:12"]

1. d4 d5 2. e3 Nf6 3. Nf3 e6 4. c4 Bd6 5. cxd5 exd5 6. Bd3 O-O 7. Nc3 c6 8. Qc2 Bg4 9. Bd2 Bh5 10. h3 Na6 11. g4 Nb4 12. Qb1 Nxd3+ 13. Qxd3 Bg6 14. Qe2 Ne4 15. h4 Nxd2 16. Qxd2 Bb4 17. Ne5 Qa5 18. h5 Be4 19. f3 f6 20. Nd7 Bxf3 21. Rf1 Rf7 22. Rxf3 Rxd7 23. h6 Re8 24. hxg7 Rde7 25. Kf2 Kxg7 26. Rh1 Bxc3 27. bxc3 Re4 28. Qb2 Qb6 29. Qa3 Rxg4 30. Rfh3 Kf7 31. Rxh7+ Ke6 32. Kf3 Rg5 33. e4 Qb5 34. c4 dxe4+ 35. Ke3 Rg3+ 36. Kf2 Qf5+ 37. Kxg3 Rg8+ 38. Kh2 Qf4+ 39. Kh3 Qg4+ 40. Kh2 Qg2# 0-1


[Site "https://www.chess.com"]

[Event "Titled Tuesday Blitz May 2 Early 2023"]
[White "Melikhov, Evgeny V."]
[Black "Jiganchine, Roman"]
[WhiteFideId "4122046"]
[BlackFideId "2603667"]
[WhiteElo "2158"]
[BlackElo "2205"]
[Result "1-0"]
[Round "08"]
[TimeControl "180+2"]
[Date "2023.05.02"]
[WhiteClock "0:01:10"]
[BlackClock "0:00:02"]

1. d4 Nf6 2. c4 e6 3. Nc3 d5 4. cxd5 Nxd5 5. e4 Nxc3 6. bxc3 c5 7. Nf3 cxd4 8. cxd4 Bb4+ 9. Bd2 Bxd2+ 10. Qxd2 O-O 11. Bd3 Nd7 12. O-O b6 13. Rfe1 Bb7 14. Rad1 Qe7 15. Qf4 Rfe8 16. e5 Rac8 17. Ng5 h6 18. Ne4 Bxe4 19. Qxe4 g6 20. h4 Kg7 21. h5 Nf8 22. Re3 Rc3 23. Rg3 g5 24. f4 Rd8 25. fxg5 hxg5 26. Rf1 Qb4 27. Rf6 Qxd4+ 28. Qxd4 Rxd4 29. Rxg5+ Ng6 30. Bxg6 fxg6 31. Rgxg6+ Kh7 32. h6 Rc1+ 33. Kh2 Rh4+ 34. Kg3 Rch1 35. Rg7+ Kh8 36. Rf8# 1-0


[Site "https://www.chess.com"]

[Event "Titled Tuesday Blitz May 2 Early 2023"]
[White "Clawitter, Craig"]
[Black "Gracia Alvarez, Gerardo Antonio"]
[WhiteFideId "2023105"]
[BlackFideId "5109124"]
[WhiteElo "2050"]
[BlackElo "2160"]
[Result "0-1"]
[Round "08"]
[TimeControl "180+2"]
[Date "2023.05.02"]
[WhiteClock "0:00:01"]
[BlackClock "0:00:04"]

1. e4 c5 2. Nf3 Nc6 3. d4 cxd4 4. Nxd4 Nf6 5. Nc3 e5 6. Ndb5 h6 7. Nd5 Nxd5 8. exd5 a6 9. Nc3 Nd4 10. Be3 Nf5 11. Bd3 d6 12. O-O g6 13. a4 Bg7 14. a5 Nxe3 15. fxe3 f5 16. e4 O-O 17. Qd2 Bd7 18. Na4 fxe4 19. Rxf8+ Bxf8 20. Bxe4 Qh4 21. Nb6 Rd8 22. Bxg6 Bg4 23. Rf1 Bg7 24. Bf7+ Kh8 25. Qd3 Qg5 26. Nc4 Rf8 27. Ne3 Bd7 28. Be6 Bb5 29. c4 Rxf1+ 30. Nxf1 Be8 31. Qf5 Qe7 32. Ng3 e4 33. Nxe4 Bxb2 34. Qf4 Bg7 35. Qxd6 Qh4 36. Ng3 Qd4+ 0-1


[Site "https://www.chess.com"]

[Event "Titled Tuesday Blitz May 2 Early 2023"]
[White "Gatterer, Florian"]
[Black "Srdanovic, Jovana"]
[WhiteFideId "811688"]
[BlackFideId "954810"]
[WhiteElo "2221"]
[BlackElo "2145"]
[Result "1-0"]
[Round "08"]
[TimeControl "180+2"]
[Date "2023.05.02"]
[WhiteClock "0:00:08"]
[BlackClock "0:00:04"]

1. e4 c6 2. d4 d5 3. e5 Na6 4. c3 Nc7 5. Bd3 g6 6. Ne2 h5 7. O-O Bh6 8. a4 Bxc1 9. Qxc1 Nh6 10. a5 Bf5 11. Bxf5 Nxf5 12. b4 e6 13. g3 Nb5 14. h4 Qe7 15. Nd2 g5 16. hxg5 Qxg5 17. a6 b6 18. Nf3 Qg4 19. Kg2 Kd7 20. Qf4 Qxf4 21. gxf4 Rag8+ 22. Kh2 Rg4 23. Rg1 Nh4 24. Nxh4 Rxh4+ 25. Kg3 Rg4+ 26. Kf3 Rhg8 27. Rxg4 Rxg4 28. Rh1 Nc7 29. Rxh5 Rg7 30. Rh1 Nxa6 31. Ra1 Nc7 32. Rxa7 Rg8 33. f5 Ra8 34. Rxa8 Nxa8 35. f6 Nc7 36. Ke3 c5 37. bxc5 bxc5 38. f4 c4 39. Ng3 Nb5 40. Kd2 Ke8 41. f5 Kf8 42. fxe6 fxe6 43. Nh5 Kf7 44. Nf4 Na3 45. Nh3 Nb1+ 46. Kc2 Na3+ 47. Kb2 Nb5 48. Ng5+ Ke8 49. Nxe6 Kf7 50. Nf4 Nc7 51. Ka3 Nb5+ 52. Kb4 Nc7 53. Kc5 Ne8 54. Kc6 Kf8 55. Kxd5 Nc7+ 56. Kxc4 Ne8 57. d5 Nc7 58. e6 Ne8 59. Kc5 Kg8 60. Nh5 Kf8 61. Kd4 Nc7 62. c4 Na6 63. c5 Nb4 64. d6 Nc6+ 65. Ke4 Nb8 66. Kd5 Na6 67. c6 Nb4+ 68. Kc5 Nd3+ 69. Kb6 Ne5 70. c7 Nc4+ 71. Kc5 Nxd6 72. Kxd6 Kg8 73. c8=Q+ Kh7 74. Qd7+ Kg6 75. Qg7+ Kf5 76. f7 1-0


[Site "https://www.chess.com"]

[Event "Titled Tuesday Blitz May 2 Early 2023"]
[White "Topalov, Aleksandar"]
[Black "Necula, Iulian"]
[WhiteFideId "925659"]
[BlackFideId "1232380"]
[WhiteElo "2151"]
[BlackElo "1790"]
[Result "1-0"]
[Round "08"]
[TimeControl "180+2"]
[Date "2023.05.02"]
[WhiteClock "0:00:22"]
[BlackClock "0:00:18"]

1. b3 d6 2. Bb2 Nf6 3. Bxf6 exf6 4. c4 Be7 5. Nc3 O-O 6. g3 Re8 7. Bg2 c6 8. e3 a5 9. Nge2 Na6 10. d4 Bf8 11. O-O Bf5 12. a3 Rb8 13. Qd2 Qc7 14. Rfc1 h6 15. Nf4 Qd7 16. Na4 b5 17. cxb5 cxb5 18. Nc3 Rec8 19. Ncd5 b4 20. a4 Nc7 21. Nxc7 Rxc7 22. Rxc7 Qxc7 23. Rc1 Qd7 24. Bc6 Qd8 25. Nd5 Be6 26. Rc4 Bxd5 27. Bxd5 Rc8 28. Qc2 Rxc4 29. Qxc4 Qe7 30. Qa6 Qd8 31. Qa7 Be7 32. Kg2 g5 33. g4 Kg7 34. h3 Kf8 35. Qa6 Kg7 36. Qc4 Qe8 37. Be4 Qd7 38. Qd5 Qc7 39. Qf5 Kf8 40. Bd5 Ke8 41. Qh7 Bf8 42. Qf5 Kd8 43. Qxf6+ Qe7 44. Qxf7 Qxf7 45. Bxf7 Kc7 46. Bd5 Kb6 47. Kf3 Kc7 48. Ke4 Kd7 49. Kf5 Ke7 50. Kg6 Kd7 51. f4 Ke7 52. fxg5 hxg5 53. Kxg5 Kd7 54. Kf5 Ke7 55. g5 Bg7 56. h4 Bh8 57. h5 Kf8 58. h6 Ke7 59. g6 Kf8 60. g7+ Bxg7 61. hxg7+ Kxg7 62. Ke6 1-0


[Site "https://www.chess.com"]

[Event "Titled Tuesday Blitz May 2 Early 2023"]
[White "Novikova, Galina"]
[Black "Cramling Bellon, Anna"]
[WhiteFideId "4157095"]
[BlackFideId "32009232"]
[WhiteElo "1953"]
[BlackElo "1972"]
[Result "1-0"]
[Round "08"]
[TimeControl "180+2"]
[Date "2023.05.02"]
[WhiteClock "0:00:57"]
[BlackClock "0:00:03"]

1. e4 c5 2. Nf3 e6 3. b4 cxb4 4. a3 d5 5. e5 Nc6 6. axb4 Bxb4 7. c3 Be7 8. d4 f6 9. Bd3 fxe5 10. dxe5 Qc7 11. Qe2 Bc5 12. O-O Nge7 13. Na3 O-O 14. Nb5 Qd8 15. Re1 Bd7 16. Bxh7+ Kxh7 17. Ng5+ Kg8 18. Qh5 Rxf2 19. Qh7+ Kf8 20. Be3 Bxe3 21. Rxe3 Nf5 22. Kxf2 Qxg5 23. Rf3 Qd2+ 24. Kg1 Nxe5 25. Rxf5+ exf5 26. Qh8+ Ke7 27. Qxa8 1-0


[Site "https://www.chess.com"]